 Dungeon Crawl Stone Soup version 0.27.1-1-g398f81649c (webtiles) character file.

Game seed: 7652234635477801891

120 ZARRMARR the Sneak (level 5, -3/37 HPs)
             Began as an Octopode Monk on Sept 9, 2021.
             Splashed by Ijyb's acid (12 damage)
             ... on level 3 of the Dungeon.
             The game lasted 00:03:30 (2535 turns).

ZARRMARR the Sneak (Octopode Monk)                  Turns: 2535, Time: 00:03:32

Health: -3/37      AC:  1    Str: 10    XL:     5   Next: 4%
Magic:  5/5        EV: 14    Int: 13    God:
Gold:   72         SH:  0    Dex: 15    Spells: 4/4 levels left

rFire    . . .     SeeInvis .   a - +0 short sword
rCold    . . .     Faith    .   (no shield)
rNeg     . . .     Spirit   .   (helmet restricted)
rPois    .         Reflect  .   (no amulet)
rElec    .         Harm     .   (no ring)
rCorr    .         Rampage  .   (no ring)
Will     .....                  (no ring)
Stlth    ++++......             (no ring)
HPRegen  0.12/turn              (no ring)
MPRegen  0.09/turn              (no ring)
                                (no ring)
                                (no ring)

@: no status effects
A: almost no armour, amphibious, 8 rings, camouflage 1, gelatinous body 1,
(nimble swimmer 1), tentacles
a: no special abilities


You were on level 3 of the Dungeon.
You visited 1 branch of the dungeon, and saw 3 of its levels.

You collected 72 gold pieces.

Inventory:

Hand Weapons
 a - a +0 short sword (weapon)
Scrolls
 e - a scroll of enchant armour {unknown}
 f - a scroll of vulnerability
 g - a scroll of fear
 h - a scroll of amnesia {unknown}
Potions
 b - a potion of berserk rage {unknown}
 c - a potion of heal wounds {unknown}
 d - a potion of curing {unknown}
 i - a potion of attraction {unknown}
 j - a potion of degeneration {unknown}


   Skills:
 + Level 3.7 Fighting
 + Level 3.7 Short Blades
 + Level 3.8 Dodging
 + Level 4.2 Stealth


You had 4 spell levels left.
You didn't know any spells.
Your spell library contained the following spells:

 Spells                   Type           Power      Damage    Failure   Level
 Corpse Rot               Necr/Air       N/A        N/A       43%         2
 Dispel Undead            Necr           0%         3d6       97%         4
 Death Channel            Necr           0%         N/A       100%        6


Dungeon Overview and Level Annotations

Branches:
Dungeon (3/15)

Altars:

Annotations:
D:3 Ijyb


Innate Abilities, Weirdness & Mutations

You cannot wear most types of armour.
You are amphibious.
You can wear up to eight rings at the same time.
Your skin changes colour to match your surroundings (Stealth+).
Your rubbery body absorbs attacks. (AC +1, EV +1)
((You are camouflaged near water. (Stealth+)))
You have tentacles for arms and can constrict up to eight enemies at once.


Message History

You open the door.
There is an open door here.
There is an open door here.
Found a scroll labelled XEISTE CUATIU.
Ijyb the Twisted Goblin comes into view.
She is wielding a +1 dagger of holy wrath and carrying a wand of acid (8).
Ijyb is nearby!
You see here a scroll labelled XEISTE CUATIU.
Ijyb shouts!
Ijyb zaps a wand.
The bolt of acid hits you!
You are splashed with acid!
You hit Ijyb. Your grab misses Ijyb. Your squeeze misses Ijyb.
Ijyb is lightly wounded.
Ijyb screams, "Level is mine!
All mine!"
Ijyb zaps a wand.
The bolt of acid misses you.
Unknown command.
You hit Ijyb but do no damage. Your grab misses Ijyb.
Ijyb is lightly wounded.
Ijyb misses you.
You barely miss Ijyb. You grab Ijyb. Your squeeze misses Ijyb.
Ijyb is lightly wounded.
You constrict Ijyb. Ijyb barely misses you.
You hit Ijyb but do no damage. You squeeze Ijyb!
Ijyb is heavily wounded.
You constrict Ijyb. Ijyb closely misses you.
You hit Ijyb but do no damage.
Ijyb is severely wounded.
You constrict Ijyb. Ijyb completely misses you.
You hit Ijyb but do no damage.
Ijyb is severely wounded.
You constrict Ijyb.
Ijyb hits you with a +1 dagger of holy wrath.
You hit Ijyb but do no damage.
Ijyb is severely wounded.
You constrict Ijyb, but do no damage. Ijyb barely misses you.
You barely miss Ijyb.
Ijyb is severely wounded.
You constrict Ijyb, but do no damage.
Ijyb zaps a wand.
The bolt of acid hits you!
* * * LOW HITPOINT WARNING * * *
You are splashed with acid!
You die...

###### ....# ...# #g.#
#@.# #..# #####
#..####♣.♣.♣#
#?....#.♣.♣.#
#.#####..##.#....♣######
#........##.#♣..♣♣#.....
#.#####..##.###'###.....
#.###......##.....
#.###......##.....


You could see Ijyb.

Vanquished Creatures
  A hound (D:2)
  3 adders
  A dart slug (D:1)
  9 ball pythons
  8 bats
  3 endoplasms
  A giant cockroach (D:1)
  4 hobgoblins
  3 jackals (D:1)
  6 kobolds
  2 quokkas (D:2)
  4 frilled lizards
  7 goblins
  9 rats
61 creatures vanquished.

Notes
Turn   | Place    | Note
-------+----------+-------------------------------------------
     0 | D:1      | ZARRMARR the Octopode Monk began the quest for the Orb.
     0 | D:1      | Reached XP level 1. HP: 16/16 MP: 1/1
   200 | D:1      | Reached skill level 3 in Stealth
   200 | D:1      | Reached XP level 2. HP: 21/21 MP: 2/2
   415 | D:1      | Reached XP level 3. HP: 2/26 MP: 3/3
  1732 | D:2      | Reached XP level 4. HP: 31/31 MP: 4/4
  1816 | D:2      | Reached skill level 4 in Stealth
  2449 | D:3      | Reached XP level 5. HP: 37/37 MP: 5/5
  2521 | D:3      | Noticed Ijyb
  2535 | D:3      | Splashed by Ijyb's acid

Illustrated notes

Levels and vault maps discovered:
D:1:      dpeg_arrival_circle_labyrinth_c, layout_loops_ring
D:2:      layout_loops_ring
D:3:      kennysheep_the_goblin_king, layout_basic,
          gammafunk_temple_overflow_statue, minivault_27, chequers_arboretum,
          roderic_lattice_a, minmay_misc_feat_columns, cheibrodos_gnoll_hut,
          uniq_ijyb

Skill      XL: |  1  2  3  4 |
---------------+-------------+-----
Stealth        | 3 4 |  4.2
Fighting       | |  3.7
Short Blades   | |  3.7
Dodging        | |  3.8

Action                   |  1- 3 |  4- 6 || total
-------------------------+-------+-------++-------
Melee: Short sword       |    78 |    42 ||   120
       Constrict         |    18 |    10 ||    28
       Tentacles         |    12 |     6 ||    18
  Use: Scroll            |     2 |       ||     2
 Stab: Sleeping          |    13 |     7 ||    20
Armor: Skin              |     5 |     3 ||     8
Dodge: Dodged            |    42 |    21 ||    63
